 Dungeon Crawl Stone Soup version 0.30-a0-1074-g5db6f66fbb (webtiles) character file.

Game seed: 11262601874912605111

56 Pimp the Shooter (level 3, 0/29 HPs)
             Began as a Barachi Hunter on Apr 13, 2023.
             Slain by a goblin
             ... wielding a +0 club
             ... led by Robin
              (4 damage)
             ... on level 3 of the Dungeon.
             The game lasted 00:05:29 (2279 turns).

Pimp the Shooter (Barachi Hunter)                   Turns: 2279, Time: 00:05:30

Health: 0/29       AC:  3    Str: 12    XL:     3   Next: 97%
Magic:  3/3        EV: 12    Int:  9    God:
Gold:   232        SH:  0    Dex: 17    Spells: 2/2 levels left

rFire   . . .      SeeInvis +    n - +4 falchion (heavy)
rCold   . . .      Faith    .    (no shield)
rNeg    . . .      Spirit   .    c - +0 leather armour
rPois   .          Reflect  .    (no helmet)
rElec   .          Rampage  .    (no cloak)
rCorr   .                        (no gloves)
Will    .....                    (no boots)
Stlth   ++                       (no amulet)
HPRegen 0.24/turn                e - ring of see invisible
MPRegen 0.08/turn                (no ring)

@: slow
A: amphibious, slowness 1, strong legs 1, +LOS
a: Hop


You were on level 3 of the Dungeon.
You visited 1 branch of the dungeon, and saw 3 of its levels.

You collected 232 gold pieces.

Inventory:

Hand Weapons
 a - a +0 shortbow
 d - a +3 mace
 h - a +0 rapier
 n - a +4 heavy falchion (weapon)
Armour
 c - a +0 leather armour (worn)
 i - a +0 chain mail
 j - a +0 ring mail
Jewellery
 e - a ring of see invisible (left hand)
Wands
 o - a wand of iceblast (8)
Scrolls
 b - a scroll of immolation
 q - 2 scrolls of teleportation
 r - 3 scrolls of vulnerability {unknown}
 s - a scroll of poison {unknown}
Potions
 g - 3 potions of degeneration {unknown}
 k - a potion of ambrosia {unknown}
 l - a potion of berserk rage {unknown}


   Skills:
 + Level 3.1 Fighting
 + Level 1.0 Long Blades
 + Level 4.3 Ranged Weapons
 + Level 2.9 Dodging
 + Level 1.8 Stealth


You had 2 spell levels left.
You didn't know any spells.
Your spell library contained the following spells:

 Spells                   Type           Power      Damage    Failure   Level
 Lesser Beckoning         Tloc           0%         N/A       61%         2
 Gell's Gravitas          Tloc           0%         N/A       83%         3
 Teleport Other           Tloc           0%         N/A       83%         3


Dungeon Overview and Level Annotations

Branches:
Dungeon (3/15)

Altars:

Annotations:
D:3 Robin


Innate Abilities, Weirdness & Mutations

You are amphibious.
You cover ground slowly.
You can hop short distances.
You have an extended range of vision and can be seen from far away.


Message History

You feel aware of your surroundings.
You sensed 1 altar.
It was a scroll of magic mapping.
The goblin barely misses you. The hobgoblin misses you.
A goblin comes into view. It is wielding a +0 club.
Unknown command.
As you read the scroll labelled APNUOTWAMUDD, it crumbles to dust.
It is a scroll of enchant weapon.
Your +3 heavy falchion glows red for a moment.
The goblin closely misses you.
The hobgoblin hits you but does no damage.
The goblin shouts!
You slash the goblin!
You kill the goblin!
Robin throws the goblin at you! The goblin hits you but does no damage.
The hobgoblin barely misses you. The hobgoblin misses you.
The goblin hits you with a +0 dagger.
You closely miss the goblin.
The hobgoblin no longer looks unusually strong.
A goblin comes into view. It is wielding a +1 dagger of freezing.
The goblin closely misses you.
The hobgoblin hits you but does no damage.
The hobgoblin closely misses you. The goblin hits you with a +0 dagger.
The goblin shouts!
You hit the goblin.
You kill the goblin!
The hobgoblin no longer looks unusually strong.
Robin throws the goblin at you! The hobgoblin closely misses you.
The goblin hits you but does no damage. The hobgoblin misses you.
The goblin hits you with a +0 club.
* * * LOW HITPOINT WARNING * * *
Your Long Blades skill increases to level 1!
As you read the scroll labelled CONIAKENNOSI, it crumbles to dust.
It is a scroll of identify.
q - 2 scrolls of teleportation The goblin shouts!
The goblin no longer looks unusually strong.
The hobgoblin hits you.
* * * LOW HITPOINT WARNING * * *
The goblin hits you with a +0 club.
You die...

*,**,** ##.......## ##....#
***,#.gg####.........####....###
,,,,gggg...'.........+.........#
~,,*####g###gg.......####......#
,~,* *,* ##.......## ##.#...#
,*,* *,* ##..g..## ####.## ,*,*
*,* ##ggg## #.# ,*,*****,* ##g##
#.# ,*,,,,,,,* #@# #.#
,****..#########g#### #.# ,*
*...............#########.# ,*
*#.########...............#
~*****,* #......###########
~*,,,,,* ##...### ******** ##.##
###


You could see Robin, 2 hobgoblins and 5 goblins.

Vanquished Creatures
  2 adders (D:2)
  A dart slug (D:1)
  3 ball pythons (D:1)
  2 endoplasms
  4 hobgoblins
  7 jackals
  3 kobolds
  A quokka (D:2)
  A bat (D:1)
  2 frilled lizards
  6 goblins
  A rat (D:1)
33 creatures vanquished.

Notes
Turn   | Place    | Note
-------+----------+-------------------------------------------
     0 | D:1      | Pimp the Barachi Hunter began the quest for the Orb.
     0 | D:1      | Reached XP level 1. HP: 17/17 MP: 1/1
    99 | D:1      | Found a faded altar of an unknown god.
   236 | D:1      | Reached skill level 1 in Stealth
   492 | D:1      | Reached XP level 2. HP: 23/23 MP: 2/2
  1149 | D:2      | Reached XP level 3. HP: 26/28 MP: 3/3
  2258 | D:3      | Noticed Robin
  2279 | D:3      | Reached skill level 1 in Long Blades
  2279 | D:3      | Slain by a goblin

Illustrated notes

Levels and vault maps discovered:
D:1:      dpeg_arrival_oval, layout_loops_corners,
          hellmonk_ecumenical_altar_lost_god
D:2:      layout_loops_corners, kennysheep_generic_room_4
D:3:      layout_loops_corners, nicolae_ru_path_of_blood,
          ebering_ghost_rock_garden, uniq_ijyb, uniq_robin

Skill      XL: |  1  2  3 |
---------------+----------+-----
Stealth        | 1 |  1.8
Fighting       | 3 |  3.1
Long Blades    | 1 |  1.0
Ranged Weapons | |  4.3
Dodging        | |  2.9

Action                     || total
---------------------------++-------
  Melee: Falchion          ||    42
         Punch             ||     1
   Fire: Shortbow          ||    58
    Use: Scroll            ||     3
 Armour: Leather armour    ||    33
  Dodge: Dodged            ||    93

Table legend: (Time is in decaauts)
 A = Elapsed time spent in this place.
 B = Non-inter-level travel time spent in this place.
 C = Inter-level travel time spent in this place.
 D = Time resting spent in this place.
 E = Time spent auto-exploring this place.
 F = Levels seen in this place.
 G = Mean time per level.
                   A        B        C        D        E       F      G
               +--------+--------+--------+--------+--------+-----+--------+
         Total |   2666 |   2536 |    130 |    315 |   1848 |   3 |  888.7 |
       Dungeon |   2666 |   2536 |    130 |    315 |   1848 |   3 |  888.7 |
               +--------+--------+--------+--------+--------+-----+--------+

Top non-repeatable levels by time:
     D:2: 1360 daAuts
     D:1: 1072 daAuts
     D:3: 234 daAuts
